 Dungeon Crawl Stone Soup version 0.27.1-33-g824d729ab1 (webtiles) character file.

Game seed: 11046859610533401899

4179 pkoi the Martial Artist (level 10, -14/84 HPs)
             Began as a White Draconian Monk on Dec 7, 2021.
             Was a Believer of Okawaru.
             Demolished by an orc warlord (20 damage)
             ... in a bailey.
             The game lasted 00:14:13 (12194 turns).

pkoi the Martial Artist (White Draconian Monk)     Turns: 12194, Time: 00:14:14

Health: -14/84     AC: 13    Str:  9    XL:     10   Next: 8%
Magic:  20/20      EV: 17    Int: 15    God:    Okawaru [**....]
Gold:   322        SH:  0    Dex: 22    Spells: 10/10 levels left

rFire    . . .     SeeInvis .     - Unarmed
rCold    + . .     Faith    .   (no shield)
rNeg     . . .     Spirit   .   (armour unavailable)
rPois    .         Reflect  .   (helmet restricted)
rElec    +         Harm     .   t - +0 cloak
rCorr    .         Rampage  .   l - +0 pair of gloves
Will     +....                  (no boots)
Stlth    ++........             q - amulet of the acrobat
HPRegen  0.24/turn              c - +4 ring of protection
MPRegen  0.17/turn              m - ring of the Past {rElec Will+ MP+9 Str-4 Dex+9}

@: studying Translocations
A: breathe frost, AC +7, unfitting armour, cold resistance 1, cold-blooded
a: Breathe Frost, Renounce Religion, Heroism


You were in a bailey.
You worshipped Okawaru.
Okawaru was pleased with you.
You visited 2 branches of the dungeon, and saw 9 of its levels.
You also visited: Bailey.

You collected 443 gold pieces.
You spent 121 gold pieces at shops.

Inventory:

Hand Weapons
 r - the +2 short sword of Defilement {vamp, rF++ rCorr Str+6}
   (You found it on level 7 of the Dungeon)

   It occasionally heals its wielder for a portion of the damage dealt when it
   wounds a living foe.
   Str:       It affects your strength (+6).
   rF:        It greatly protects you from fire.
   rCorr:     It protects you from acid and corrosion.
Armour
 l - a +0 pair of gloves (worn)
 t - a +0 cloak (worn)
Jewellery
 b - a +6 ring of dexterity
 c - a +4 ring of protection (left hand)
 k - an amulet of faith
 m - the ring of the Past (right hand) {rElec Will+ MP+9 Str-4 Dex+9}
   (You found it on level 6 of the Dungeon)

   [ring of willpower]

   Str:       It affects your strength (-4).
   Dex:       It affects your dexterity (+9).
   rElec:     It insulates you from electricity.
   MP:        It affects your magic capacity (+9).
   Will:      It increases your willpower.
 q - an amulet of the acrobat (around neck)
 u - a +6 ring of strength
Wands
 i - a wand of acid (2)
 n - a wand of iceblast (5)
Scrolls
 d - 3 scrolls of immolation
 g - a scroll of identify
 o - a scroll of enchant armour
 p - a scroll of blinking {unknown}
 s - a scroll of teleportation
 v - a scroll of acquirement
Potions
 a - a potion of resistance {unknown}
 e - 3 potions of curing
 f - 3 potions of attraction
 h - 2 potions of mutation {unknown}
 j - a potion of cancellation
 w - a potion of heal wounds


   Skills:
 - Level 6.9 Fighting
 + Level 6.5 Dodging
 - Level 1.7 Stealth
 * Level 11.8 Unarmed Combat
 - Level 0.7 Spellcasting
 - Level 1.5 Translocations
 + Level 1.7 Invocations


You had 10 spell levels left.
You didn't know any spells.
Your spell library contained the following spells:

 Spells                   Type           Power      Damage    Failure   Level
 Ignite Poison            Fire/Tmut/Pois 0%         N/A       58%         3
 Mephitic Cloud           Conj/Pois/Air  0%         N/A       58%         3
 Bolt of Magma            Conj/Fire/Erth 0%         4d4       100%        5


Dungeon Overview and Level Annotations

Branches:
Dungeon (8/15)             Temple (1/1) D:7          Bailey (1/1)
   Lair: D:8-11

Altars:
Ashenzari
Cheibriados
Dithmenos
Fedhas
Gozag
Hepliaklqana
Kikubaaqudgha
Makhleb
Nemelex Xobeh
Okawaru
Qazlal
Ru
Sif Muna
Trog
Uskayaw
Vehumet
Wu Jian
Xom
Yredelemnul
Zin
The Shining One

Shops:
D:3 =   D:5 [   D:6 (

Annotations:
D:4 2 transporters, pkoi's ghost, amateur DrGl


Innate Abilities, Weirdness & Mutations

You can breathe waves of freezing cold which knock back foes.
Your icy white scales are hard. (AC +7)
You cannot fit into any form of body armour.
Your flesh is cold resistant. (rC+)
You are cold-blooded and may be slowed by cold attacks.


Message History

An orc warrior comes into view. It is wielding a +0 war axe.
There is an open door, spattered with blood here.
Items here: $ )))) [[[[.
The hobgoblin shouts!
A hobgoblin comes into view. It is wielding a +0 hand axe.
You see here a smoky inky potion.
a - a smoky inky potion The orc warlord hits you with a +0 long sword!!
* * * LOW HITPOINT WARNING * * *
Unknown command.
You see here a scroll labelled XOQUMU ENIMPY.
The orc warlord completely misses you.
You see here a scroll labelled ALUAGE TUZISADD.
There is a gate leading back out of this place here.
A goblin comes into view. It is wielding a +0 war axe.
You see here a scroll of acquirement.
v - a scroll of acquirement The goblin shouts!
You hear a shout!
The hobgoblin hits you with a +0 hand axe.
* * * LOW HITPOINT WARNING * * *
The orc warlord hits you with a +0 long sword!
* * * LOW HITPOINT WARNING * * *
Unknown command.
You see here a potion of heal wounds.
w - a potion of heal wounds The hobgoblin closely misses you.
The orc warlord hits you with a +0 long sword!
* * * LOW HITPOINT WARNING * * *
Unknown command.
The hobgoblin completely misses you. The hobgoblin misses you.
The goblin hits you but does no damage. The orc warlord misses you.
A goblin comes into view. It is wielding a +0 hand axe.
The orc warlord completely misses you.
The orc warlord hits you with a +0 long sword!
* * * LOW HITPOINT WARNING * * *
There is a gate leading back out of this place here.
The hobgoblin closely misses you. The goblin closely misses you.
The orc warlord hits you with a +0 long sword!!
You die...

.##.......##)......##
'.........).......#
##.........##.....##
#.....g.....#######
#.......).##
#.........#
#.......## #..ogg!.#
##..@??## #######


You could see an orc warlord, 2 hobgoblins and a goblin.

Vanquished Creatures
  Pikel (D:5)
  2 kobold demonologists (D:7)
  Sigmund (D:2)
  A wyvern (D:8)
  Duvessa (D:5)
  A water moccasin (D:7)
  7 orc warriors
  A sky beast (D:5)
  An ice beast (D:5)
  An ogre (D:5)
  3 necrophages
  A centaur (D:6)
  4 lemures (D:4)
  A phantom (D:5)
  3 scorpions
  A bullfrog (D:6)
  Dowan (D:5)
  7 howler monkeys
  A centaur zombie (D:4)
  5 hounds
  An orc priest (D:7)
  4 jellies
  2 iguanas
  4 orc wizards
  A killer bee zombie (D:6)
  A hound skeleton (D:5)
  A howler monkey zombie (D:7)
  9 gnolls
  A shadow imp (D:7)
  2 ufetubi (D:6)
  An adder zombie (D:5)
  2 worms
  3 dart slugs
  22 orcs
  8 endoplasms
  3 giant cockroaches
  13 goblins
  18 hobgoblins
  4 jackals
  5 quokkas
  7 ball pythons
  5 bats
  3 frilled lizards
  8 kobolds
  5 rats
177 creatures vanquished.

Vanquished Creatures (collateral kills)
  A gnoll (D:4)
  An endoplasm (D:4)
2 creatures vanquished.

Vanquished Creatures (others)
  A jackal (D:5)
  42 plants
43 creatures vanquished.

Grand Total: 222 creatures vanquished

Notes
Turn   | Place    | Note
-------+----------+-------------------------------------------
     0 | D:1      | pkoi the Draconian Monk began the quest for the Orb.
     0 | D:1      | Reached XP level 1. HP: 19/19 MP: 1/1
   339 | D:1      | Reached XP level 2. HP: 21/26 MP: 2/2
   630 | D:1      | Found a faded altar of an unknown god.
   639 | D:1      | Reached skill level 4 in Unarmed Combat
  1038 | D:2      | Noticed Sigmund
  1078 | D:1      | Reached XP level 3. HP: 23/31 MP: 3/3
  1331 | D:2      | Found an ancient bone altar of Kikubaaqudgha.
  2158 | D:3      | Reached skill level 5 in Unarmed Combat
  2158 | D:3      | Reached XP level 4. HP: 31/38 MP: 4/4
  2352 | D:3      | Found Yfocamoh's Jewellery Shop.
  3350 | D:4      | Reached XP level 5. HP: 41/45 MP: 5/5
  3411 | D:5      | Entered Level 5 of the Dungeon
  3414 | D:5      | Reached skill level 6 in Unarmed Combat
  3954 | D:4      | Noticed pkoi's ghost (amateur DrGl)
  3960 | D:4      | Identified the +5 ring mail of Xom's Favour {rCorr SInv}
  4053 | D:4      | Found a transporter.
  4073 | D:4      | Found a transporter.
  4153 | D:4      | Reached XP level 6. HP: 16/51 MP: 6/6
  4723 | D:5      | Reached skill level 7 in Unarmed Combat
  4857 | D:5      | Noticed Duvessa
  4858 | D:5      | Noticed Dowan
  4912 | D:5      | Killed Dowan
  4981 | D:5      | Noticed Pikel
  5558 | D:6      | Your scales start taking on an icy white colour.
  5558 | D:6      | Reached XP level 7. HP: 57/57 MP: 7/7
  5558 | D:6      | Gained mutation: Your flesh is cold resistant. (rC+) [White
                  | Draconian growth]
  5563 | D:6      | Reached skill level 8 in Unarmed Combat
  5867 | D:6      | Identified the ring of the Past {rElec Will+ MP+9 Str-4
                  | Dex+9}
  6125 | D:6      | Found Honoij's Weapon Shop.
  6358 | D:7      | Noticed a kobold demonologist
  6358 | D:7      | Noticed a kobold demonologist
  6374 | D:7      | Noticed a sixfirhy
  6376 | D:7      | Killed a kobold demonologist
  6377 | D:7      | Reached XP level 8. HP: 50/67 MP: 8/8
  6384 | D:7      | Noticed a smoke demon
  6385 | D:7      | Noticed a soul eater
  6392 | D:7      | Killed a kobold demonologist
  6393 | D:7      | Reached skill level 5 in Fighting
  6393 | D:7      | Reached skill level 9 in Unarmed Combat
  6701 | D:7      | Noticed a slime creature
  6701 | D:7      | Noticed a troll
  7472 | D:2      | Killed Sigmund
  7473 | D:2      | Reached skill level 10 in Unarmed Combat
  8334 | D:5      | Reached skill level 5 in Dodging
  8334 | D:5      | Reached XP level 9. HP: 61/75 MP: 9/9
  8633 | D:5      | Identified a scroll of acquirement
  8633 | D:5      | Acquired a manual of Translocations
  8749 | D:5      | Found Dyho Vel's Antique Armour Emporium.
  8765 | D:5      | Bought a pair of gloves for 121 gold pieces
  8815 | D:5      | Killed Pikel
  9120 | D:5      | Killed Duvessa
  9668 | D:7      | Reached skill level 11 in Unarmed Combat
  9854 | D:7      | Identified the +2 short sword of Defilement {vamp, rF++
                  | rCorr Str+6}
 10350 | D:7      | Found a staircase to the Ecumenical Temple.
 10362 | Temple   | Entered the Ecumenical Temple
 10609 | Temple   | Became a worshipper of Warmaster Okawaru
 10609 | Temple   | Reached * piety under Okawaru
 10609 | Temple   | Reached ** piety under Okawaru
 10786 | D:8      | Reached skill level 1 in Translocations
 11118 | D:8      | Reached skill level 1 in Invocations
 11124 | D:8      | Found a flagged portal.
 11135 | Bailey   | Entered a bailey
 11775 | Bailey   | Reached XP level 10. HP: 36/84 MP: 11/11
 12140 | Bailey   | Noticed an orc knight
 12173 | Bailey   | Noticed an orc warlord
 12194 | Bailey   | Demolished by an orc warlord

Illustrated notes

Levels and vault maps discovered:
D:1:      psy_arrival_spokes, layout_basic, hellmonk_ecumenical_altar_lost_god
D:2:      layout_basic, basic_altar, kennysheep_generic_room_13, uniq_sigmund
D:3:      wander_river, layout_loops_corners, serial_shops,
          nicolae_shop_statue_plus, small_statue_intersection
D:4:      layout_loops_ring, gammafunk_ghost_gnarly_gnolls,
          minmay_misc_feat_room
D:5:      layout_cave_pods, serial_bayou, serial_bayou_shore_b,
          serial_bayou_lagoon_a, serial_bayou_crossing, serial_bayou_ford_a,
          serial_shops, shop_fountains, uniq_pikel, uniq_duvessa
D:6:      layout_loops_ring, serial_shops, nicolae_lakefront_shop,
          corexii_leaking_fountain
D:7:      layout_basic, minmay_temple_entry_proselytizer, grunt_ministairs_1,
          glass_columns_c, lightli_corner_chamber
D:8:      minmay_chambers_of_sevens, layout_layer_cave, enter_bailey_6
Temple:   nicolae_temple_the_god_donut
Bailey:   bailey_axe_minmay_hex_keep, bailey

Skill      XL: |  1  2  3  4  5  6  7  8  9 |
---------------+----------------------------+-----
Unarmed Combat | 4 5 6 7 8 10 11 | 11.8
Dodging        | 3 5 6 |  6.5
Fighting       | 4 6 |  6.9
Translocations | 1 |  1.5
Invocations    | 1 |  1.7
Stealth        | |  1.7
Spellcasting   | |  0.7

Action                   |  1- 3 |  4- 6 |  7- 9 | 10-12 || total
-------------------------+-------+-------+-------+-------++-------
Melee: Unarmed           |   140 |   176 |   409 |    43 ||   768
       Tailslap          |    17 |    17 |    86 |     6 ||   126
       Punch             |     3 |     4 |    23 |     5 ||    35
Invok: Heroism           |       |       |     1 |     3 ||     4
 Abil: Breathe Frost     |       |       |     7 |       ||     7
  Use: Scroll            |       |    11 |     3 |       ||    14
       Potion            |       |     3 |     3 |     1 ||     7
 Stab: Sleeping          |     2 |     2 |     3 |       ||     7
       Invisible         |       |       |       |     2 ||     2
Armor: Skin              |    43 |    90 |   127 |     9 ||   269
Dodge: Dodged            |    77 |   107 |   317 |    37 ||   538
